 Dungeon Crawl Stone Soup version 0.17-a0-1769-g54adf96 (webtiles) character file.

5428 4thArraOfDagon the Cleaver (level 10, -2/94 HPs)
             Began as a Deep Dwarf Berserker on Sept 7, 2015.
             Was a Believer of Trog.
             Slain by a wolf spider simulacrum (23 damage)
             ... in an ice cave.
             The game lasted 00:11:34 (2020 turns).

4thArraOfDagon the Cleaver (Deep Dwarf Berserker)   Turns: 2020, Time: 00:11:35

Health: -2/94      AC: 18    Str: 25    XL:     10   Next: 40%
Magic:  10/10      EV: 10    Int:  7    God:    Trog [**....]
Gold:   476        SH:  0    Dex: 12    Spells: 0 memorised, 9 levels left

rFire  + + .     SeeInvis .     u - +0 battleaxe
rCold  . . .     Clarity  .     w - +2 chain mail {rF+}
rNeg   . . .     SustAt   .     (no shield)
rPois  .         Gourm    .     n - +2 hat
rElec  .         Spirit   .     s - +2 cloak {MR+}
rCorr  .         Warding  .     (no gloves)
rMut   .         Stasis   .     (no boots)
MR     ++++.                    (no amulet)
Stlth  ..........               o - +1 ring of evasion
                                g - ring of protection from fire

@: exhausted, non-regenerating, slowed, very slow, incredibly resistant to
hostile enchantments, extremely unstealthy
A: damage resistance, recharge devices, sense surroundings 2, slow healing 3
a: Device Recharging, Burn Spellbooks, Berserk, Trog's Hand, Renounce Religion


You were in an ice cave.
You worshipped Trog.
Trog was pleased with you.
You were hungry.

You visited 2 branches of the dungeon, and saw 11 of its levels.
You also visited: Bailey and Ice Cave.

You collected 476 gold pieces.

Inventory:

Hand weapons
 a - a +0 hand axe
 u - a +0 battleaxe (weapon)
 v - a +0 flail
Missiles
 j - 13 javelins (quivered)
Armour
 n - a +2 hat (worn)
 s - a +2 cloak of magic resistance (worn)
 w - a +2 chain mail of fire resistance (worn)
Magical staves
 b - an uncursed staff of wizardry {unknown}
Jewellery
 g - a ring of protection from fire (left hand)
 o - a +1 ring of evasion (right hand)
Magical devices
 c - a wand of heal wounds (0)
Scrolls
 k - 2 scrolls of recharging
 m - 4 scrolls of enchant weapon
 q - 2 scrolls of teleportation
 r - a scroll of remove curse
Potions
 h - 2 potions of curing
 p - a potion of ambrosia
Comestibles
 d - 5 bread rations
 f - 15 chunks of flesh
 l - 2 meat rations


   Skills:
 - Level 7.1 Fighting
 * Level 12.4 Axes
 + Level 9.0 Armour
 - Level 2.1 Dodging


You had 9 spell levels left.
You didn't know any spells.

Dungeon Overview and Level Annotations

Branches:
Dungeon (9/15)             Temple (0/1) D:4             Orc (2/4) D:9
   Lair: D:8-11

Altars:
Ashenzari
Dithmenos
Elyvilon
Gozag
Qazlal
Ru
Trog
Vehumet


Innate Abilities, Weirdness & Mutations

You are resistant to damage.
You can recharge devices by infusing magical energy.
You passively map the area around you.
You do not heal naturally.


Message History

The wolf spider simulacrum completely misses you.
The wolf spider simulacrum bites you but does no damage.
The wolf spider simulacrum hits you but does no damage.
The wolf spider simulacrum barely misses you.
The polar bear simulacrum bites you but does no damage.
The polar bear simulacrum claws you but does no damage.
The polar bear simulacrum closely misses you.
Unknown command.
Unknown command.
You hit the polar bear simulacrum. You hit the wolf spider simulacrum.
The wolf spider simulacrum barely misses you.
The wolf spider simulacrum bites you.
The wolf spider simulacrum freezes you!!
* * * LOW HITPOINT WARNING * * *
The polar bear simulacrum bites you but does no damage.
The polar bear simulacrum claws you but does no damage. x2
The wolf spider simulacrum hits you.
* * * LOW HITPOINT WARNING * * *
The wolf spider simulacrum freezes you!!
You die...

, * #### *
## ##..## *
##..##....##
,
#.......Z..#
,
.......∩Z@.#
, * ,
..##....Z..#
, * * *
###....##
,,* * ##..##
, ≈ * ≈
####* * ** ≈
≈ ≈ * **≈≈ *
≈* * ≈ ≈ *
*≈ ≈ , * ≈**
≈


You could see a death yak simulacrum, a polar bear simulacrum and a wolf spider
simulacrum.

Vanquished Creatures
  An ice dragon (Orc:2)
  A deep elf knight (Bailey)
  A troll (Orc:2)
  3 polar bears (Orc:2)
  2 yaks (Orc:2)
  3 deep elf magi (Bailey)
  A water moccasin (D:9)
  3 deep elf fighters (Bailey)
  4 wargs
  2 wolves (Orc:2)
  2 ogres
  3 orc warriors
  2 crimson imps (D:7)
  3 killer bees (D:9)
  5 orc priests
  A jelly (D:9)
  A giant frog skeleton (D:5)
  A hound (D:7)
  An iguana (D:8)
  5 orc wizards
  3 worker ants
  A wolf simulacrum (IceCv)
  A hound skeleton (D:9)
  3 adders
  A gnoll (D:3)
  An ooze (D:1)
  2 giant geckos
  50 orcs
  A bat (D:3)
  2 giant cockroaches (D:1)
  2 hobgoblins (D:1)
  A quokka (D:2)
  A giant newt (D:7)
  5 goblins
  2 kobolds
  4 rats
125 creatures vanquished.

Vanquished Creatures (others)
  A deep elf mage (Bailey)
1 creature vanquished.

Grand Total: 126 creatures vanquished

Notes
Turn   | Place    | Note
--------------------------------------------------------------
     0 | D:1      | 4thArraOfDagon the Deep Dwarf Berserker began the quest for the Orb.
     0 | D:1      | Reached XP level 1. HP: 20/20 MP: 1/1
    44 | D:1      | Reached XP level 2. HP: 12/27 MP: 2/2
   248 | D:3      | Found a faded altar to an unknown god.
   284 | D:3      | Reached XP level 3. HP: 18/34 MP: 3/3
   292 | D:4      | Found a staircase to the Ecumenical Temple.
   333 | D:5      | Entered Level 5 of the Dungeon
   408 | D:6      | Reached skill level 4 in Axes
   494 | D:7      | Found a stormy altar of Qazlal.
   494 | D:7      | Found an opulent altar of Gozag.
   496 | D:7      | Found a sacrificial altar of Ru.
   497 | D:7      | Found a radiant altar of Vehumet.
   497 | D:7      | Found a bloodstained altar of Trog.
   498 | D:7      | Found a shadowy altar of Dithmenos.
   498 | D:7      | Found a white marble altar of Elyvilon.
   537 | D:7      | Acquired Trog's second power
   538 | D:7      | Reached XP level 4. HP: 42/42 MP: 4/4
   544 | D:7      | Reached XP level 5. HP: 49/49 MP: 5/5
   563 | D:7      | Found a flagged portal.
   568 | Bailey   | Entered a bailey
   593 | Bailey   | Noticed a deep elf fighter
   605 | Bailey   | Killed a deep elf fighter
   605 | Bailey   | Reached skill level 5 in Axes
   659 | Bailey   | Noticed a deep elf mage
   661 | Bailey   | Noticed a deep elf fighter
   672 | Bailey   | Killed a deep elf mage
   672 | Bailey   | Reached skill level 6 in Axes
   672 | Bailey   | Reached XP level 6. HP: 5/57 MP: 6/6
   673 | Bailey   | Noticed a deep elf mage
   679 | Bailey   | Killed a deep elf mage
   679 | Bailey   | Reached XP level 7. HP: 45/64 MP: 7/7
   706 | Bailey   | Killed a deep elf fighter
   706 | Bailey   | Reached skill level 5 in Armour
   707 | Bailey   | Noticed a deep elf mage
   719 | Bailey   | Killed a deep elf mage
   719 | Bailey   | Reached skill level 7 in Axes
   720 | Bailey   | Noticed a deep elf mage
   730 | Bailey   | Killed a deep elf mage
   730 | Bailey   | Reached skill level 5 in Fighting
   732 | Bailey   | Noticed a deep elf fighter
   750 | Bailey   | Killed a deep elf fighter
   750 | Bailey   | Reached XP level 8. HP: 27/74 MP: 8/8
   787 | Bailey   | Noticed a deep elf knight
   799 | Bailey   | Killed a deep elf knight
   799 | Bailey   | Reached skill level 9 in Axes
  1075 | D:9      | Found a shattered altar of Ashenzari.
  1182 | D:9      | Gained mutation: You passively map the area around you. [Deep Dwarf growth]
  1182 | D:9      | Reached XP level 9. HP: 76/82 MP: 9/9
  1396 | D:9      | Found a staircase to the Orcish Mines.
  1412 | Orc:1    | Entered Level 1 of the Orcish Mines
  1422 | Orc:1    | Reached skill level 10 in Axes
  1836 | Orc:2    | Reached skill level 11 in Axes
  1911 | Orc:2    | Found a frozen archway.
  1912 | Orc:2    | Noticed an ice dragon
  1935 | Orc:2    | Reached XP level 10. HP: 76/94 MP: 10/10
  1974 | Orc:2    | Reached skill level 12 in Axes
  1989 | Orc:2    | Killed an ice dragon
  2014 | IceCv    | Entered an ice cave
  2020 | IceCv    | Slain by a wolf spider simulacrum

Vault maps used:
D:1:      lightli_arrival_chessboard, kennysheep_nondescript,
          serial_park_tiny_2, item_on_display_a
D:2:      lemuel_zombie_altar_yredelemnul, minivault_4
D:3:      first_bread, ecumenical_altar_2
D:4:      minmay_temple_entry_statues_fountains, vehumet_altar_wand_db
D:5:      lemuel_castle_with_subvaults, serial_shops, nicolae_shop_trees,
          grunt_ministairs_13, uniq_prince_ribbit1
D:7:      makhleb_blood_cavern_becter, grunt_temple_overflow_open,
          lemuel_crystal_altar, enter_bailey_3
D:8:      lair_0_dummy
D:9:      ashenzari_altar_1, david_orc_1_choice
Orc:1:    basic_altar
Orc:2:    portal_ice_cave_entry_animals_and_master
Bailey:   bailey_polearm_3, bailey
IceCv:    ice_cave_small_necro

Action                   |  1- 3 |  4- 6 |  7- 9 | 10-12 || total
-------------------------+-------+-------+-------+-------++-------
Melee: Hand axe          |    45 |    36 |   194 |       ||   275
       Battleaxe         |       |       |    67 |    45 ||   112
Throw: Javelin           |       |     1 |       |       ||     1
Invok: Berserk           |     2 |     2 |     9 |     1 ||    14
       Trog's Hand       |       |     1 |    23 |     4 ||    28
Evoke: Wand              |     1 |     2 |     3 |     4 ||    10
  Use: Potion            |     4 |     1 |     1 |       ||     6
       Scroll            |     5 |       |     4 |       ||     9
 Stab: Sleeping          |     1 |       |       |       ||     1
  Eat: Chunk             |       |     3 |    16 |     2 ||    21
       Beef jerky        |       |       |     1 |       ||     1
